 Dungeon Crawl Stone Soup version 0.17-a0-1831-gaadb308 (webtiles) character file.

251 4thArraOfDagon the Gusty (level 5, -2/40 HPs)
             Began as a Centaur Air Elementalist on Sept 14, 2015.
             Slain by an orc warrior
             ... wielding a +0 glaive
              (26 damage)
             ... on level 5 of the Dungeon.
             The game lasted 00:09:15 (1303 turns).

4thArraOfDagon the Gusty (Centaur Air Elementalist) Turns: 1303, Time: 00:09:15

Health: -2/40      AC:  9    Str: 10    XL:     5   Next: 88%
Magic:  17/17      EV:  9    Int: 17    God:
Gold:   44         SH:  0    Dex: 10    Spells: 4 memorised, 0 levels left

rFire  . . .     SeeInvis .     g - +0 flail (protect)
rCold  . . .     Clarity  .     a - +0 robe
rNeg   . . .     SustAt   .     (no shield)
rPois  .         Gourm    .     (no helmet)
rElec  .         Spirit   .     (no cloak)
rCorr  .         Warding  .     (no gloves)
rMut   .         Stasis   .     (no barding)
MR     .....                    (no amulet)
Stlth  ..........               n - +2 ring of intelligence
                                e - ring of magical power

@: confused, repel missiles, very quick, not resistant to hostile enchantments,
extremely unstealthy
A: claws 1, hooves 3, deformed body, speed 2, tough skin 3
a: no special abilities


You were on level 5 of the Dungeon.
You were not hungry.

You visited 1 branch of the dungeon, and saw 5 of its levels.

You collected 119 gold pieces.
You spent 75 gold pieces at shops.

Inventory:

Hand weapons
 g - a +0 flail of protection (weapon)
 h - a +5 club
 j - a +3 mace
 t - a +2 short sword of freezing
Missiles
 o - 5 javelins (quivered)
Armour
 a - a +0 robe (worn)
Jewellery
 e - a ring of magical power (left claw)
 n - a +2 ring of intelligence (right claw)
Magical devices
 i - a wand of heal wounds (6)
Scrolls
 d - 2 scrolls of remove curse
 f - a scroll of fog
 q - a scroll of magic mapping
Potions
 l - a potion of heal wounds
Books
 b - a book of Air

   Spells                             Type                      Level
   a - Shock                          Conjuration/Air              1
   b - Swiftness                      Charms/Air                   2
   c - Repel Missiles                 Charms/Air                   2
   d - Static Discharge               Conjuration/Air              3
   e - Lightning Bolt                 Conjuration/Air              5
Comestibles
 c - 2 bread rations
 k - 3 chunks of flesh
 r - a royal jelly


   Skills:
 + Level 1.5 Fighting
 * Level 2.2 Maces & Flails
 + Level 0.2 Armour
 + Level 1.5 Dodging
 - Level 1.2 Stealth
 - Level 2.1 Spellcasting
 - Level 2.6 Conjurations
 - Level 3.9 Air Magic


You couldn't memorise any spells.
You knew the following spells:

 Your Spells              Type           Power        Failure   Level  Hunger
a - Shock                 Conj/Air       ##..         6%          1    #......
b - Repel Missiles        Chrm/Air       #.....       14%         2    ###....
c - Swiftness             Chrm/Air       #.......     14%         2    ###....
d - Static Discharge      Conj/Air       ##......     17%         3    ###....


Dungeon Overview and Level Annotations

Branches:
Dungeon (5/15)
 Temple: D:4-7

Altars:
Qazlal
Vehumet

Shops:
D:5 *

Annotations:
D:2 Sigmund
D:3 Natasha


Innate Abilities, Weirdness & Mutations

You have hooves in place of feet.
Armour fits poorly on your strangely shaped body.
You cover ground very quickly.
You have extremely tough skin (AC +3).
You have sharp fingernails.


Message History

Your will is overpowered!
You are confused.
Found a stormy altar of Qazlal.
Unknown command.
Unknown command.
You nearly stumble into some deep water!
Your magical contamination has completely faded away.
Unknown command.
Unknown command.
Unknown command.
Unknown command.
You barely miss the orc wizard. The orc wizard hits you with a dagger.
The orc warrior hits you from afar with a glaive!
The orc wizard zaps a wand.
You resist with some effort.
An orc comes into view.
Unknown command.
You're too confused to move!
The orc shouts!
The orc warrior hits you from afar with a glaive!!
Ouch! That really hurt!
You die...

...............
................
................
._....!............
...............?...
....=..............
.............o.....
.........≈≈.≈≈$....
.......@o≈#+#≈.....
########.o'∩'......
##≈#'#≈###..
#.≈≈.≈≈...o.
#..#.#.###..
#..#...###..
#.......)....
#..........##
#..#######.######


You could see an orc warrior, an orc wizard and an orc.

Vanquished Creatures
  A centaur (D:5)
  A crimson imp (D:5)
  Ijyb (D:2)
  Terence (D:3)
  Natasha (D:3)
  An adder (D:3)
  A shadow imp (D:5)
  2 worms (D:3)
  2 orcs
  4 bats
  3 giant cockroaches (D:3)
  2 goblins
  4 hobgoblins
  2 jackals (D:3)
  A quokka (D:3)
  A giant newt (D:5)
  5 kobolds
  6 rats
39 creatures vanquished.

Vanquished Creatures (others)
  A hobgoblin (D:3)
  A giant newt (D:3)
2 creatures vanquished.

Grand Total: 41 creatures vanquished

Notes
Turn   | Place    | Note
--------------------------------------------------------------
     0 | D:1      | 4thArraOfDagon the Centaur Air Elementalist began the quest for the Orb.
     0 | D:1      | Reached XP level 1. HP: 14/14 MP: 3/3
     0 | D:1      | Noticed a vine stalker zombie
     1 | D:1      | Noticed a merfolk zombie
     1 | D:1      | Noticed a merfolk zombie
     3 | D:1      | Noticed an octopode zombie
     6 | D:1      | Noticed a troll zombie
     8 | D:1      | Noticed an octopode zombie
    13 | D:1      | Noticed an octopode zombie
    16 | D:1      | Noticed a human zombie
    18 | D:1      | Noticed a spriggan zombie
    26 | D:2      | Noticed Ijyb
   114 | D:1      | Reached skill level 1 in Conjurations
   341 | D:2      | Killed Ijyb
   341 | D:2      | Reached skill level 3 in Air Magic
   341 | D:2      | Reached XP level 2. HP: 11/20 MP: 1/4
   341 | D:2      | Reached XP level 3. HP: 14/26 MP: 1/5
   376 | D:2      | Learned a level 2 spell: Repel Missiles
   581 | D:2      | Noticed Sigmund
   638 | D:3      | Learned a level 2 spell: Swiftness
   738 | D:3      | Found a radiant altar of Vehumet.
   782 | D:3      | Noticed Terence
   859 | D:3      | Killed Terence
   859 | D:3      | Reached skill level 1 in Maces & Flails
   859 | D:3      | Reached XP level 4. HP: 26/34 MP: 2/7
   940 | D:3      | Noticed Natasha
   959 | D:3      | Killed Natasha
  1020 | D:3      | Reached skill level 1 in Fighting
  1052 | D:3      | Noticed Natasha
  1146 | D:5      | Entered Level 5 of the Dungeon
  1149 | D:5      | Noticed a centaur
  1208 | D:5      | Gained mutation: You have sharp fingernails. [potion of beneficial mutation]
  1221 | D:5      | Killed a centaur
  1221 | D:5      | Reached XP level 5. HP: 29/40 MP: 8/8
  1233 | D:5      | Learned a level 3 spell: Static Discharge
  1279 | D:5      | Found Kema Bil's General Store.
  1282 | D:5      | Bought a potion of heal wounds for 75 gold pieces
  1290 | D:5      | Noticed an orc warrior
  1298 | D:5      | Found a stormy altar of Qazlal.
  1303 | D:5      | Slain by an orc warrior

Vault maps used:
D:1:      shiori_arrival_whats_in_store_for_you
D:2:      kennysheep_generic_room_7, uniq_sigmund, uniq_robin, uniq_iyjb
D:3:      fiery_altar_vehumet, grunt_ministairs_9, hex_large, uniq_natasha,
          uniq_terence
D:4:      first_bread, nicolae_dithmenos_the_darkroom
D:5:      serial_corexii_hall, corexii_hall_statues_deadend,
          corexii_hall_statues_l, corexii_hall_statues_u, basic_altar,
          serial_shops, kennysheep_mini_moat, grunt_ministairs_5, zaba_anthole

Action                   |  1- 3 |  4- 6 || total
-------------------------+-------+-------++-------
Melee: Club              |    17 |     7 ||    24
       Flail             |       |     4 ||     4
 Cast: Shock             |    58 |    28 ||    86
       Repel Missiles    |     1 |       ||     1
Evoke: Wand              |       |     1 ||     1
  Use: Scroll            |     8 |     1 ||     9
       Potion            |     1 |     4 ||     5
  Eat: Chunk             |       |     2 ||     2
